 Dungeon Crawl Stone Soup version 0.20-a0-577-g60d8699 (webtiles) character file.

408 RayJames the Shield-Bearer (level 7, 0/56 HPs)
             Began as a Human Fighter on Feb 6, 2017.
             Slain by a gnoll (3 damage)
             ... on level 3 of the Dungeon.
             The game lasted 00:13:38 (2251 turns).

RayJames the Shield-Bearer (Human Fighter)          Turns: 2251, Time: 00:13:38

Health: 0/56       AC: 11    Str: 18    XL:     7   Next: 13%
Magic:  16/20      EV:  7    Int:  9    God:
Gold:   91         SH: 10    Dex: 12    Spells: 12/12 levels left

rFire    x . .     SeeInvis .   a - +0 rapier
rCold    + . .     Gourm    .   i - +0 chain mail
rNeg     . . .     Faith    .   c - +0 shield
rPois    .         Spirit   .   s - +0 helmet
rElec    .         Reflect  .   (no cloak)
rCorr    .         Harm     .   (no gloves)
MR       .....                  (no boots)
Stlth    ..........             (no amulet)
Regen    0.2/turn               f - ring of ice
                                e - ring of magical power

@: no status effects
A: no striking features
a: no special abilities


You were on level 3 of the Dungeon.
You were not hungry.

You visited 1 branch of the dungeon, and saw 3 of its levels.

You collected 91 gold pieces.

Inventory:

Hand Weapons
 a - a +0 rapier (weapon)
 j - a +0 dagger
 l - a +0 spear
 o - a +2 dagger of speed
 p - a cursed -3 dagger
 q - a +0 hunting sling
 x - a +0 war axe
 y - a +0 halberd
Missiles
 b - 11 sling bullets
 h - 36 bolts
 k - 38 stones (quivered)
 w - 16 arrows
Armour
 c - a +0 shield (worn)
 i - a +0 chain mail (worn)
 r - a +0 animal skin
 s - a +0 helmet (worn)
 t - a +0 chain mail
Jewellery
 e - a ring of magical power (left hand)
 f - a ring of ice (right hand)
Scrolls
 v - a scroll of remove curse {unknown}
Potions
 d - a potion of might
 u - a potion of curing {unknown}
Comestibles
 m - 4 fruits


   Skills:
 + Level 5.2 Fighting
 + Level 5.2 Short Blades
 + Level 3.4(4.1) Axes
 + Level 3.4(4.1) Polearms
 + Level 3.2(3.9) Slings
 + Level 3.3(4.0) Throwing
 + Level 5.1 Armour
 + Level 3.6 Dodging
 + Level 3.9 Stealth
 + Level 5.5 Shields
 + Level 3.4 Unarmed Combat
 + Level 3.1 Spellcasting


You had 12 spell levels left.
You didn't know any spells.

Dungeon Overview and Level Annotations

Branches:
Dungeon (2/15)

Altars:
Nemelex Xobeh

Annotations:
D:2 Sigmund


Message History

Your Dodging skill gained 3 levels and is now at level 3!
Your Stealth skill gained 3 levels and is now at level 3!
Your Shields skill increases to level 5!
Your Unarmed Combat skill gained 3 levels and is now at level 3!
Your Spellcasting skill gained 3 levels and is now at level 3!
You have reached level 7!
As you read the scroll of fog, it crumbles to dust.
The scroll dissolves into smoke.
You block the gnoll sergeant's attack.
The gnoll hits you but does no damage. x2
You block the gnoll's attack.
The gnoll sergeant hits you from afar with a trident.
* * * LOW HITPOINT WARNING * * *
The gnoll hits you but does no damage. The gnoll closely misses you.
The gnoll hits you.
* * * LOW HITPOINT WARNING * * *
The gnoll sergeant barely misses you.
There is a huge open gate here.
As you read the scroll of fog, it crumbles to dust.
The scroll dissolves into smoke.
The gnoll hits you.
You die...

..#..# ..#..# ######
##### .#
#.############...# .#
.........>††)..>.##.#
##############......####
......§.........
≈≈≈≈≈..§§§§≈≈≈≈≈
≈≈≈≈≈..§@§§≈≈≈≈≈
≈≈≈≈≈..§g§≈≈≈≈≈≈
.....§§§g§......
#########§gg§#######
#.......#§§gg# .....
#......§#§§§§#§.....
#.)....g§§§§§§g§g...
#)##################
#.g.....#


You could see 2 gnolls.

Vanquished Creatures
  Ijyb (D:3)
  Robin (D:2)
  6 gnolls (D:3)
  6 adders
  An ooze (D:1)
  A worm (D:2)
  A dart slug (D:2)
  3 leopard geckos
  5 bats
  17 goblins
  A hobgoblin (D:1)
  4 jackals
  2 quokkas (D:2)
  2 frilled lizards
  A kobold (D:1)
  2 rats
54 creatures vanquished.

Notes
Turn   | Place    | Note
-------+----------+-------------------------------------------
     0 | D:1      | RayJames the Human Fighter began the quest for the Orb.
     0 | D:1      | Reached XP level 1. HP: 18/18 MP: 1/1
   109 | D:1      | Reached XP level 2. HP: 24/24 MP: 2/2
   699 | D:1      | Reached XP level 3. HP: 29/29 MP: 3/3
  1216 | D:2      | Noticed Robin
  1233 | D:2      | Reached XP level 4. HP: 32/35 MP: 4/4
  1242 | D:2      | Killed Robin
  1648 | D:2      | Noticed Sigmund
  1703 | D:2      | Found a sparkling altar of Nemelex Xobeh.
  1716 | D:2      | You fall through a shaft!
  1720 | D:3      | Reached XP level 5. HP: 39/42 MP: 5/5
  1852 | D:3      | Noticed Ijyb
  1895 | D:3      | Killed Ijyb
  2093 | D:3      | Reached XP level 6. HP: 30/48 MP: 6/6
  2243 | D:3      | Reached skill level 5 in Fighting
  2243 | D:3      | Reached skill level 5 in Short Blades
  2243 | D:3      | Reached skill level 5 in Armour
  2243 | D:3      | Reached skill level 5 in Shields
  2243 | D:3      | Reached XP level 7. HP: 7/56 MP: 11/11
  2246 | D:3      | HP: 2/56 [gnoll (4)]
  2251 | D:3      | Slain by a gnoll

Vault maps used:
D:1:      minmay_arrival_floating_metal
D:2:      nemelex_spade_bored_becter, uniq_sigmund, uniq_robin
D:3:      lemuel_castle_with_subvaults, serial_glass, glass_columns_b,
          glass_columns_a, minmay_snake_closets, uniq_iyjb

Skill      XL: |  1  2  3  4  5  6 |
---------------+-------------------+-----
Short Blades   | 3 5 |  5.2
Shields        | 4 5 |  5.5
Fighting       | 5 |  5.2
Axes           | 3 |  3.4
Polearms       | 3 |  3.4
Slings         | 3 |  3.2
Throwing       | 3 |  3.3
Armour         | 5 |  5.1
Dodging        | 3 |  3.6
Stealth        | 3 |  3.9
Unarmed Combat | 3 |  3.4
Spellcasting   | 3 |  3.1

Action                   |  1- 3 |  4- 6 |  7- 9 || total
-------------------------+-------+-------+-------++-------
Melee: Rapier            |    81 |   155 |       ||   236
  Use: Scroll            |     1 |     1 |     2 ||     4
       Potion            |       |     1 |       ||     1
  Eat: Bread ration      |     1 |       |       ||     1
Armor: Scale mail        |    18 |       |       ||    18
       Chain mail        |    19 |   109 |     3 ||   131
Dodge: Dodged            |    26 |    32 |     2 ||    60
Block: Shield            |    47 |    93 |     2 ||   142
